 Dungeon Crawl Stone Soup version 0.23-a0-641-g0a7f1ce553 (webtiles) character file.

1375 CheiIsBae the Carver (level 8, -4/57 HPs)
             Began as a Demonspawn Gladiator on Dec 30, 2018.
             Was a Believer of Uskayaw.
             Slain by a gargoyle
             ... wielding a +0 flail
              (16 damage)
             ... on level 7 of the Dungeon.
             The game lasted 00:09:14 (5462 turns).

CheiIsBae the Carver (Demonspawn Gladiator)         Turns: 5462, Time: 00:09:14

Health: -4/57      AC: 14    Str: 15    XL:     8   Next: 39%
Magic:  10/10      EV:  7    Int: 12    God:    Uskayaw [**....]
Gold:   273        SH:  0    Dex: 14    Spells: 7/7 levels left

rFire    . . .     SeeInvis .   p - +4 long sword (slice)
rCold    . . .     Gourm    .   (no shield)
rNeg     . . .     Faith    .   h - +0 chain mail
rPois    .         Spirit   .   c - +0 helmet
rElec    .         Reflect  .   o - +2 cloak
rCorr    +         Harm     .   (no gloves)
MR       .....                  (no boots)
Stlth    ..........             (no amulet)
HPRegen  0.19/turn              b - ring of resist corrosion
MPRegen  0.12/turn              (no ring)

@: about to teleport
A: hooves 1, thin metallic scales 1, powered by death 1
a: Stomp, Line Pass, Renounce Religion


You were on level 7 of the Dungeon.
You worshipped Uskayaw.
Uskayaw was noncommittal.
You were not hungry.

You visited 2 branches of the dungeon, and saw 8 of its levels.

You collected 273 gold pieces.

Inventory:

Hand Weapons
 p - a +4 long sword of slicing (weapon)
Armour
 c - a +0 helmet (worn)
 h - a +0 chain mail (worn)
 o - a +2 cloak (worn)
Jewellery
 b - a ring of resist corrosion (left hand)
Wands
 t - a wand of enslavement (2)
 v - a wand of paralysis (9)
Scrolls
 j - a scroll of teleportation
 l - 2 scrolls of identify
 r - a scroll of remove curse
 s - a scroll of enchant weapon
Potions
 a - a potion of flight {unknown}
 d - a potion of cancellation
 e - a potion of might
 g - a potion of haste
 k - 3 potions of curing
 m - 2 potions of magic
 n - 2 potions of agility
 x - a potion of resistance {unknown}
Comestibles
 f - 8 rations


   Skills:
 + Level 2.9 Fighting
 * Level 9.4 Long Blades
 - Level 1.7 Throwing
 - Level 2.6 Dodging
 + Level 2.7 Invocations


You had 7 spell levels left.
You didn't know any spells.
Your spell library was empty.

Dungeon Overview and Level Annotations

Branches:
Dungeon (7/15)             Temple (1/1) D:6

Altars:
Dithmenos
Gozag
Hepliaklqana
Kikubaaqudgha
Makhleb
Okawaru
Trog
Uskayaw
Vehumet
Xom
Yredelemnul
The Shining One

Shops:
D:4 }

Annotations:
D:4 Grinder
D:7 Prince Ribbit


Innate Abilities, Weirdness & Mutations

You have large cloven feet.
You are partially covered in thin metallic scales. (AC +2)
You regenerate a little health from kills.


Message History

The stone arrow hits you!
You are too injured to fight recklessly!
You are too injured to fight recklessly!
Unknown command.
The centaur shoots an arrow.
The arrow barely misses you.
The centaur shoots an arrow.
The arrow hits you.
You see here 2 arrows.
As you read the scroll of teleportation, it crumbles to dust.
You feel strangely unstable. Prince Ribbit hits you!
* * * LOW HITPOINT WARNING * * *
The gargoyle hurls a stone arrow at you.
The stone arrow misses you.
The centaur shoots an arrow.
The arrow hits you but does no damage.
Prince Ribbit blinks!
The gargoyle hurls a stone arrow at you.
The stone arrow hits you!
* * * LOW HITPOINT WARNING * * *
Prince Ribbit blinks!
You feel better.
The centaur shoots an arrow.
The arrow barely misses you. The gargoyle hits you with a +0 flail!
You die...

.<.. ...#.######
.# #.........##.#
#..........#.#
.###............#
...##....c..%...#
...##.....§J...##
#..##....(9....#
##..#...(F@....#
#...#..(.......#
#.§†............#
#...#............#
##. #.........(..#
. ##............#
##...#.........#
##....##........#
#.....# ......


You could see Prince Ribbit, a gargoyle, a centaur and a jelly.

Vanquished Creatures
  A hippogriff (D:7)
  Edmund (D:5)
  An ice beast (D:6)
  A phantom (D:5)
  Blork the orc (D:4)
  A bullfrog (D:6)
  A wyvern skeleton (D:6)
  2 scorpions (D:5)
  A howler monkey (D:5)
  A crimson imp (D:6)
  A hound (D:6)
  A jelly (D:6)
  An orc priest (D:5)
  A bullfrog skeleton (D:5)
  An iguana (D:6)
  2 orc wizards (D:3)
  A worker ant (D:5)
  A hound zombie (D:7)
  Robin (D:4)
  4 gnolls (D:1)
  6 adders
  2 oozes
  An adder skeleton (D:5)
  2 worms
  2 dart slugs
  9 leopard geckos
  29 orcs
  3 ball pythons
  8 bats
  6 giant cockroaches
  18 goblins
  15 hobgoblins
  9 jackals
  13 kobolds
  4 quokkas
  3 frilled lizards
  A quokka zombie (D:7)
  6 rats
162 creatures vanquished.

Notes
Turn   | Place    | Note
-------+----------+-------------------------------------------
     0 | D:1      | CheiIsBae the Demonspawn Gladiator began the quest for the
                  | Orb.
     0 | D:1      | Reached XP level 1. HP: 16/16 MP: 1/1
    35 | D:1      | Reached skill level 3 in Long Blades
    35 | D:1      | Gained mutation: You regenerate a little health from kills.
                  | [demonic ancestry]
    35 | D:1      | Reached XP level 2. HP: 22/22 MP: 2/2
   392 | D:1      | Found an iron altar of Okawaru.
   394 | D:1      | Reached XP level 3. HP: 27/27 MP: 3/3
   448 | D:1      | Reached skill level 4 in Long Blades
   893 | D:1      | Reached XP level 4. HP: 21/33 MP: 4/4
  1452 | D:2      | Reached skill level 5 in Long Blades
  1662 | D:2      | Reached XP level 5. HP: 31/38 MP: 5/5
  2848 | D:3      | Reached skill level 6 in Long Blades
  3227 | D:4      | Gained mutation: You have large cloven feet. [demonic
                  | ancestry]
  3227 | D:4      | Reached XP level 6. HP: 41/44 MP: 6/6
  3241 | D:4      | Found Ruchoe's Gadget Shop.
  3247 | D:4      | Noticed Robin
  3261 | D:4      | Killed Robin
  3334 | D:4      | Noticed Blork the orc
  3343 | D:4      | Killed Blork the orc
  3692 | D:4      | Noticed Grinder
  3783 | D:4      | Paralysed by Grinder for 2 turns
  3790 | D:5      | Entered Level 5 of the Dungeon
  3839 | D:5      | Reached skill level 7 in Long Blades
  4054 | D:5      | Gained mutation: You are partially covered in thin metallic
                  | scales. (AC +2) [demonic ancestry]
  4054 | D:5      | Reached XP level 7. HP: 26/50 MP: 7/7
  4297 | D:5      | Noticed Edmund
  4319 | D:5      | Killed Edmund
  4319 | D:5      | Reached skill level 8 in Long Blades
  4777 | D:6      | Found a staircase to the Ecumenical Temple.
  4791 | Temple   | Entered the Ecumenical Temple
  4917 | Temple   | Became a worshipper of Uskayaw the Reveler
  4960 | D:6      | Reached * piety under Uskayaw
  4961 | D:6      | Reached skill level 9 in Long Blades
  4961 | D:6      | Reached XP level 8. HP: 56/56 MP: 8/8
  4961 | D:6      | Reached ** piety under Uskayaw
  5150 | D:6      | Reached skill level 1 in Invocations
  5152 | D:6      | Reached *** piety under Uskayaw
  5154 | D:6      | Reached **** piety under Uskayaw
  5444 | D:7      | Noticed a hippogriff
  5453 | D:7      | Killed a hippogriff
  5455 | D:7      | Noticed a gargoyle
  5456 | D:7      | Noticed Prince Ribbit
  5462 | D:7      | Slain by a gargoyle

Vault maps used:
D:1:      tarquinn_simple_flora_water_f, okawaru_ov_weapons_minmay
D:2:      st_stairs_12, kennysheep_generic_room_8
D:4:      kennysheep_mini, first_ration, serial_shops, shop_statue,
          uniq_blork_the_orc, uniq_robin, uniq_grinder
D:5:      uniq_edmund
D:6:      minmay_temple_entry_statues_fountains, portal_sewer_entry_f
D:7:      minmay_the_grid_octo_tiled_squarecenter,
          minmay_overflow_temple_star_quad, kennysheep_little_box, led_sif_pool,
          uniq_prince_ribbit1, uniq_duvessa
Temple:   nicolae_temple_hex_pool

Skill      XL: |  1  2  3  4  5  6  7  8 |
---------------+-------------------------+-----
Long Blades    | 3 4 5 6 7 9 |  9.4
Invocations    | 2 |  2.7
Fighting       | |  2.9
Throwing       | |  1.7
Dodging        | |  2.6

Action                   |  1- 3 |  4- 6 |  7- 9 || total
-------------------------+-------+-------+-------++-------
Melee: Long sword        |    73 |   322 |   126 ||   521
       Kick              |       |    13 |    35 ||    48
Throw: Throwing net      |     3 |     5 |     2 ||    10
Evoke: Wand              |       |       |     1 ||     1
  Use: Scroll            |       |     9 |     3 ||    12
       Potion            |       |     2 |     1 ||     3
 Stab: Sleeping          |     1 |       |       ||     1
       Held in net/web   |       |     2 |     1 ||     3
       Paralysed         |       |       |     9 ||     9
  Eat: Chunk             |       |     9 |     6 ||    15
Armor: Leather armour    |    24 |    12 |       ||    36
       Chain mail        |       |   185 |    82 ||   267
Dodge: Dodged            |    63 |   131 |    40 ||   234
       Rpst.: Long sword |    28 |    37 |    14 ||    79

Table legend:
 A = Non-vault XP
 B = Vault XP
 C = Vault XP percentage of total XP
 D = Non-vault monster count
 E = Vault monster count
 F = Vault count percentage of total count
                 A         B        C        D         E       F
            +---------+---------+-------+---------+---------+-------
      Total |    1647 |     318 |  16.2 |     142 |      20 |  12.3
            +---------+---------+-------+---------+---------+-------
        D:1 |     144 |       0 |   0.0 |      40 |       0 |   0.0
        D:2 |      55 |       3 |   5.2 |      24 |       2 |   7.7
        D:3 |     166 |       0 |   0.0 |      33 |       0 |   0.0
        D:4 |      17 |     132 |  88.6 |       2 |      12 |  85.7
        D:5 |     474 |     171 |  26.5 |      15 |       1 |   6.2
        D:6 |     502 |      12 |   2.3 |      17 |       5 |  22.7
        D:7 |     278 |       0 |   0.0 |       7 |       0 |   0.0
     Temple |      11 |       0 |   0.0 |       4 |       0 |   0.0
            +---------+---------+-------+---------+---------+-------
